 Dungeon Crawl Stone Soup version 0.29.0-15-g675c0067aa (webtiles) character file.

Game seed: 8428712959088888069

525 qw the Sneak (level 7, -1/43 HPs)
             Began as a Gargoyle Delver on Sept 11, 2022.
             Slain by a killer bee (3 damage)
             ... on level 4 of the Dungeon.
             The game lasted 00:01:37 (5157 turns).

qw the Sneak (Gargoyle Delver)                      Turns: 5157, Time: 00:01:38

Health: -1/43      AC: 17    Str: 17    XL:     7   Next: 23%
Magic:  7/7        EV:  5    Int: 11    God:
Gold:   170        SH:  0    Dex: 11    Spells: 6/6 levels left

rFire   + . .      SeeInvis .   Y - +0 hand axe
rCold   . . .      Faith    .   (no shield)
rNeg    + . .      Spirit   .   k - +0 plate armour
rPois   inf        Reflect  .   (no helmet)
rElec   +          Harm     .   (no cloak)
rCorr   .          Rampage  .   (no gloves)
Will    .....                   b - +0 pair of boots
Stlth   ..........              (no amulet)
HPRegen 0.14/turn               h - ring of protection from fire
MPRegen 0.10/turn               (no ring)

@: no status effects
A: sickness immunity, AC +4, negative energy resistance 1, electricity
resistance, torment resistance 1, petrification resistance
a: no special abilities


You were on level 4 of the Dungeon.
You visited 1 branch of the dungeon, and saw 5 of its levels.

You collected 170 gold pieces.


Innate Abilities, Weirdness & Mutations

You are immune to sickness and miasma.
Your stone body is resilient. (AC +4)
You are immune to poison.
You resist negative energy. (rN+)
You are resistant to electric shocks. (rElec)
You are resistant to unholy torment.
You are immune to petrification.


   Skills:
 - Level 4.2 Fighting
 + Level 5.4 Axes
 - Level 1.2 Throwing
 - Level 3.8 Armour
 - Level 1.5 Dodging
 - Level 5.4 Stealth


You had 6 spell levels left.
You didn't know any spells.
Your spell library was empty.

Inventory:

Hand Weapons
 a - a +0 flail
 Y - a +0 hand axe (weapon)
Armour
 b - a +0 pair of boots (worn)
 k - a +0 plate armour (worn)
Jewellery
 h - a ring of protection from fire (left hand)
Wands
 g - a wand of digging (3)
Potions
 c - a potion of mutation {unknown}
 e - a potion of brilliance {unknown}
 f - a potion of haste
 l - a potion of invisibility {unknown}
 m - a potion of lignification {unknown}
 o - a potion of attraction {unknown}

Dungeon Overview and Level Annotations

Branches:
Dungeon (5/15)
 Temple: D:4-7

Altars:
Elyvilon
Qazlal
Xom
Zin


Message History

You start resting.
The killer bee stings you.
You barely miss the killer bee.
The killer bee is almost dead.
The killer bee stings you but does no damage. x2
You closely miss the killer bee.
The killer bee is almost dead.
The killer bee stings you.
The killer bee stings you but does no damage.
You hit the killer bee.
The killer bee is almost dead.
The killer bee stings you. x2
You hit the killer bee.
You kill the killer bee!
The killer bee stings you but does no damage.
You hit the killer bee.
The killer bee is moderately wounded.
The killer bee stings you.
The killer bee stings you but does no damage.
The killer bee buzzes angrily.
You hit the killer bee.
The killer bee is moderately wounded.
The killer bee barely misses you. The killer bee closely misses you.
You closely miss the killer bee.
The killer bee is moderately wounded.
The killer bee stings you but does no damage. x2
You barely miss the killer bee.
The killer bee is moderately wounded.
The killer bee barely misses you.
The killer bee stings you but does no damage.
You miss the killer bee.
The killer bee is moderately wounded.
The killer bee barely misses you. The killer bee stings you!
You miss the killer bee.
The killer bee is moderately wounded.
The killer bee stings you but does no damage. x2
You barely miss the killer bee.
The killer bee is moderately wounded.
The killer bee barely misses you. The killer bee stings you.
You die...

#####.....y...........
#.##....y.............
##..#.....y...#........
#.............#......##.
#.............#............####
#<..#.##.........#........##..
##..#.##....#........#...[#...
#...).<....##%.....# #.......
#...%#.....yy@...#.## #.......
##..........###.########......
#......##.##........##.......
##.###....##........<.......%
### #...........#...........
#.......................
########....#..##.......
#....#####....### ######
###.....##


You could see 2 killer bees.

Vanquished Creatures
  Sigmund (D:2)
  A scorpion (D:4)
  A killer bee (D:4)
  3 hounds
  A jelly (D:5)
  An orc wizard (D:3)
  4 adders
  3 worms
  A dart slug (D:2)
  5 orcs (D:3)
  7 ball pythons
  3 bats (D:1)
  3 endoplasms
  3 giant cockroaches
  6 goblins
  6 hobgoblins
  6 quokkas
  4 frilled lizards
  5 kobolds
  3 rats
67 creatures vanquished.

Notes
Turn   | Place    | Note
-------+----------+-------------------------------------------
     0 | D:5      | qw the Gargoyle Delver began the quest for the Orb.
     0 | D:5      | Reached XP level 1. HP: 14/14 MP: 1/1
     0 | D:5      | 0 ||| qw: Version: 0.1-a-117-gfe26ee0
     0 | D:5      | 0 ||| qw: Game counter: 10159
     0 | D:5      | 0 ||| qw: Always use a shield: true
     0 | D:5      | 0 ||| qw: God list: Okawaru
     0 | D:5      | 0 ||| qw: Allow faded altars: false
     0 | D:5      | 0 ||| qw: Do Orc after D:15 true
     0 | D:5      | 0 ||| qw: Do second Lair branch before Depths: true
     0 | D:5      | 0 ||| qw: Lair rune preference: random
     0 | D:5      | 0 ||| qw: Plans: Normal
     0 | D:5      | 0 ||| PLANNING D:1-11
    25 | D:5      | Noticed a jelly
    46 | D:5      | Killed a jelly
    47 | D:5      | Reached skill level 3 in Axes
    47 | D:5      | Reached XP level 2. HP: 6/19 MP: 2/2
    47 | D:5      | Reached XP level 3. HP: 8/23 MP: 3/3
   456 | D:5      | 456 ||| READING scroll labelled MYBBEIGUBI.
   457 | D:5      | 457 ||| DROPPING scroll of fog.
   458 | D:5      | 458 ||| DROPPING scroll of magic mapping.
   459 | D:5      | 459 ||| DROPPING scroll of fear.
   466 | D:4      | Noticed a scorpion
   486 | D:4      | HP: 5/23 [scorpion (1)]
   491 | D:4      | HP: 1/23 [scorpion (3)]
   497 | D:4      | Killed a scorpion
   498 | D:4      | Reached XP level 4. HP: 2/28 MP: 4/4
   520 | D:4      | 520 ||| Stepping ~*~*~tactically~*~*~ (stealth).
   529 | D:4      | HP: 4/28 [hound (1)]
   533 | D:4      | HP: 1/28 [hound (1)]
   535 | D:4      | Reached XP level 5. HP: 2/32 MP: 5/5
   893 | D:4      | 893 ||| FLEEEEING.
   894 | D:4      | 894 ||| STAIRDANCE
   896 | D:3      | 896 ||| PLANNING SEWER
   951 | D:3      | 951 ||| Stepping ~*~*~tactically~*~*~ (stealth).
   953 | D:3      | 953 ||| Stepping ~*~*~tactically~*~*~ (stealth).
   955 | D:3      | 955 ||| Stepping ~*~*~tactically~*~*~ (stealth).
  1072 | D:3      | 1072 ||| Stepping ~*~*~tactically~*~*~ (stealth).
  1073 | D:3      | 1073 ||| Stepping ~*~*~tactically~*~*~ (stealth).
  1073 | D:3      | Found a shimmering altar of Xom.
  1080 | D:3      | 1080 ||| Stepping ~*~*~tactically~*~*~ (stealth).
  1237 | D:3      | Found a glowing silver altar of Zin.
  1524 | D:3      | 1524 ||| RIP SEWER
  1659 | D:3      | 1659 ||| PLANNING D:1-11
  1659 | D:3      | 1659 ||| UPGRADING to +0 ring mail.
  1669 | D:3      | 1669 ||| DROPPING +0 leather armour.
  1670 | D:3      | 1670 ||| READING scroll labelled DIUCEEJ ANNE.
  1675 | D:3      | 1675 ||| READING scroll labelled EDEBUIFEMP.
  1684 | D:2      | 1684 ||| Stepping ~*~*~tactically~*~*~ (hiding).
  1786 | D:2      | 1786 ||| Stepping ~*~*~tactically~*~*~ (hiding).
  1892 | D:2      | 1892 ||| Stepping ~*~*~tactically~*~*~ (hiding).
  1994 | D:2      | 1994 ||| Stepping ~*~*~tactically~*~*~ (hiding).
  2096 | D:2      | 2096 ||| Stepping ~*~*~tactically~*~*~ (hiding).
  2198 | D:2      | 2198 ||| Stepping ~*~*~tactically~*~*~ (hiding).
  2300 | D:2      | 2300 ||| Stepping ~*~*~tactically~*~*~ (hiding).
  2420 | D:2      | Found a faded altar of an unknown god.
  2433 | D:2      | Noticed Sigmund
  2457 | D:2      | HP: 7/32 [Sigmund/+0 scythe (10)]
  2461 | D:2      | HP: 2/32 [Sigmund/magic dart (6)]
  2462 | D:2      | Killed Sigmund
  2463 | D:2      | Reached skill level 3 in Armour
  2463 | D:2      | Reached XP level 6. HP: 2/37 MP: 6/6
  2751 | D:2      | 2751 ||| UPGRADING to +0 pair of boots.
  3018 | D:1      | 3018 ||| Stepping ~*~*~tactically~*~*~ (stealth).
  3604 | D:1      | 3604 ||| Stepping ~*~*~tactically~*~*~ (stealth).
  3606 | D:1      | 3606 ||| Stepping ~*~*~tactically~*~*~ (stealth).
  3608 | D:1      | 3608 ||| Stepping ~*~*~tactically~*~*~ (stealth).
  3610 | D:1      | 3610 ||| Stepping ~*~*~tactically~*~*~ (stealth).
  3612 | D:1      | 3612 ||| Stepping ~*~*~tactically~*~*~ (stealth).
  3613 | D:1      | 3613 ||| Stepping ~*~*~tactically~*~*~ (stealth).
  3731 | D:1      | 3731 ||| UPGRADING to ring of protection from fire.
  3732 | D:1      | 3732 ||| DRINKING 2 white potions.
  3802 | D:2      | 3802 ||| Stepping ~*~*~tactically~*~*~ (stealth).
  3804 | D:2      | 3804 ||| Stepping ~*~*~tactically~*~*~ (stealth).
  4044 | D:2      | 4044 ||| FLEEEEING.
  4045 | D:2      | 4045 ||| FLEEEEING.
  4046 | D:2      | 4046 ||| FLEEEEING.
  4047 | D:2      | 4047 ||| FLEEEEING.
  4467 | D:2      | 4467 ||| READING scroll labelled FARAOJE XYUMOOGG.
  4468 | D:2      | 4468 ||| READING scroll labelled JODDIO OCKAKE.
  4482 | D:3      | Found a stormy altar of Qazlal.
  4519 | D:3      | 4519 ||| Stepping ~*~*~tactically~*~*~ (stealth).
  4618 | D:3      | 4618 ||| Stepping ~*~*~tactically~*~*~ (stealth).
  4620 | D:3      | 4620 ||| Stepping ~*~*~tactically~*~*~ (stealth).
  4620 | D:3      | Found a white marble altar of Elyvilon.
  4634 | D:3      | Reached skill level 1 in Throwing
  4634 | D:3      | Reached XP level 7. HP: 38/42 MP: 7/7
  4860 | D:3      | 4860 ||| UPGRADING to +0 plate armour.
  4870 | D:3      | 4870 ||| DROPPING +0 ring mail.
  5077 | D:4      | 5077 ||| Stepping ~*~*~tactically~*~*~ (stealth).
  5084 | D:4      | HP: 6/43 [killer bee (7)]
  5085 | D:4      | 5085 ||| READING scroll of teleportation.
  5086 | D:4      | 5086 ||| DRINKING potion of heal wounds.
  5129 | D:4      | 5129 ||| Stepping ~*~*~tactically~*~*~ (stealth).
  5140 | D:4      | 5140 ||| Stepping ~*~*~tactically~*~*~ (stealth).
  5141 | D:4      | 5141 ||| Stepping ~*~*~tactically~*~*~ (stealth).
  5142 | D:4      | 5142 ||| Stepping ~*~*~tactically~*~*~ (stealth).
  5151 | D:4      | HP: 9/43 [killer bee (4)]
  5155 | D:4      | HP: 2/43 [killer bee (7)]
  5157 | D:4      | Slain by a killer bee

Levels and vault maps discovered:
D:1:      minmay_arrival_wavy_path, layout_basic
D:2:      layout_basic, shapermc_ecumenical_altar_pompeii, uniq_sigmund
D:3:      layout_loops_corners, old_standard_altar, elyvilon_altar_5,
          grunt_qazlal_clouds, zin_academy, portal_sewer_entry_a
D:4:      kennysheep_big_flooded_room, layout_cave_pools,
          nicolae_ashenzari_skybound
D:5:      layout_loops_ring, mainiacjoe_overflow_chevrons,
          nicolae_elevator_lobby_plus

Skill      XL: |  1  2  3  4  5  6  7 |
---------------+----------------------+-----
Axes           | 3 4 5 |  5.4
Armour         | 3 |  3.8
Throwing       | 1 |  1.2
Fighting       | 4 |  4.2
Dodging        | |  1.5
Stealth        | |  5.4

Action                   |  1- 3 |  4- 6 |  7- 9 || total
-------------------------+-------+-------+-------++-------
Melee: Hand axe          |    35 |   224 |    36 ||   295
       Punch             |       |     2 |       ||     2
Throw: Javelin           |       |    22 |     4 ||    26
  Use: Scroll            |     1 |     4 |     1 ||     6
       Potion            |       |     1 |     1 ||     2
 Stab: Distracted        |       |     1 |       ||     1
       Sleeping          |       |     1 |       ||     1
Armor: Leather armour    |    12 |    34 |       ||    46
       Ring mail         |       |    49 |       ||    49
       Plate armour      |       |       |    47 ||    47
Dodge: Dodged            |    18 |   101 |    13 ||   132

Table legend:
 A = Non-vault XP
 B = Vault XP
 C = Vault XP percentage of total XP
 D = Non-vault monster count
 E = Vault monster count
 F = Vault count percentage of total count
                 A         B        C        D         E       F
            +---------+---------+-------+---------+---------+-------
      Total |     511 |     240 |  32.0 |      62 |       5 |   7.5
            +---------+---------+-------+---------+---------+-------
        D:1 |      32 |       0 |   0.0 |      19 |       0 |   0.0
        D:2 |      59 |     231 |  79.7 |      16 |       1 |   5.9
        D:3 |     108 |       9 |   7.7 |      16 |       4 |  20.0
        D:4 |     270 |       0 |   0.0 |       9 |       0 |   0.0
        D:5 |      42 |       0 |   0.0 |       2 |       0 |   0.0
            +---------+---------+-------+---------+---------+-------
